 Dungeon Crawl Stone Soup version 0.28.0-45-g0d030f2227 (webtiles) character file.

Game seed: 8168253867797518230

57 AnnaDunkelherz the Poker (level 4, -7/34 HPs)
             Began as a Merfolk Gladiator on Apr 17, 2022.
             Mangled by Grinder (11 damage)
             ... while paralysed by Grinder
             ... on level 3 of the Dungeon.
             The game lasted 00:12:40 (2173 turns).

AnnaDunkelherz the Poker (Merfolk Gladiator)        Turns: 2173, Time: 00:12:43

Health: -7/34      AC:  0    Str: 16    XL:     4   Next: 0%
Magic:  4/4        EV:  3    Int:  7    God:
Gold:   65         SH:  0    Dex: 15    Spells: 3/3 levels left

rFire   . . .      SeeInvis .   (weapon currently unavailable)
rCold   . . .      Faith    .   (shield currently unavailable)
rNeg    . . .      Spirit   .   (armour currently unavailable)
rPois   .          Reflect  .   (helmet currently unavailable)
rElec   .          Harm     .   (cloak currently unavailable)
rCorr   .          Rampage  .   (gloves currently unavailable)
Will    .....                   (boots currently unavailable)
Stlth   +.........              t - amulet of regeneration
HPRegen 0.91/turn               (ring currently unavailable)
MPRegen 0.09/turn               (ring currently unavailable)

@: paralysed, pig-form, very quick
A: fast, no casting, small, (nimble swimmer 2), (mertail)
a: no special abilities


You were on level 3 of the Dungeon.
You were a filthy swine.
You visited 1 branch of the dungeon, and saw 3 of its levels.

You collected 65 gold pieces.

Inventory:

Hand Weapons
 a - a +0 trident
 e - a +0 short sword
 h - a +0 club
 n - a +0 halberd
 p - a +0 hand axe
 q - a +0 short sword
 r - a +0 hunting sling
 x - a +0 club
 z - a +0 hunting sling
 D - a +3 flail (melded)
Missiles
 d - 2 throwing nets (quivered)
 g - 100 stones
 i - 16 bolts
 C - 6 poisoned darts
Armour
 b - a +0 leather armour
 c - a +0 helmet (melded)
 k - a +0 leather armour
 o - a +0 robe
 s - a +0 robe
 A - a +0 scale mail (melded)
 B - a +0 pair of gloves (melded)
Jewellery
 t - an amulet of regeneration (around neck)
Scrolls
 f - 2 scrolls of teleportation {unknown}
 j - a scroll of holy word {unknown}
 m - 2 scrolls of identify {unknown}
 v - a scroll of fog {unknown}
 w - a scroll of summoning {unknown}
 y - a scroll of vulnerability {unknown}
Potions
 l - a potion of curing {unknown}
 u - 2 potions of degeneration {unknown}


   Skills:
 + Level 2.3 Fighting
 + Level 5.7 Polearms
 + Level 2.2 Throwing
 + Level 0.4 Armour
 + Level 4.8 Dodging


You had 3 spell levels left.
You didn't know any spells.
Your spell library was empty.

Dungeon Overview and Level Annotations

Branches:
Dungeon (3/15)

Altars:

Annotations:
D:3 Grinder


Innate Abilities, Weirdness & Mutations

You are a filthy swine.
You move quickly.
Your equipment is almost entirely melded.
You are incapable of wielding weapons or throwing items.
You cannot cast spells.
((You are very nimble when in or above water. (Stealth+, EV+, Speed+++)))
((Your lower body shifts to a powerful aquatic tail in water.))


Message History

You closely miss the hound zombie.
The hound zombie is almost destroyed.
The hound zombie barely misses you. The endoplasm freezes you.
You are frozen.
Grinder gestures at you.
You suddenly lose the ability to move!
The frilled lizard bites you but does no damage.
The endoplasm hits you but does no damage.
Grinder hits you.
You writhe in agony.
The frilled lizard bites you but does no damage.
The endoplasm hits you but does no damage.
The rat bites you. Grinder hits you.
The frilled lizard bites you but does no damage.
The endoplasm hits you but does no damage.
The rat bites you but does no damage.
Grinder zaps a wand.
You resist with some effort. The frilled lizard bites you.
The endoplasm freezes you.
You are frozen.
* * * LOW HITPOINT WARNING * * *
The rat bites you but does no damage. Grinder gestures at you.
You shrug off the repeated paralysis!
The frilled lizard bites you but does no damage.
The endoplasm freezes you.
You are frozen.
* * * LOW HITPOINT WARNING * * *
The rat bites you but does no damage.
Grinder zaps a wand.
You turn into a filthy swine.
Your +3 flail melds into your body.
Your +0 helmet melds into your body.
Your +0 pair of gloves melds into your body.
Your +0 scale mail melds into your body.
The frilled lizard hisses.
The frilled lizard bites you.
* * * LOW HITPOINT WARNING * * *
The endoplasm completely misses you. The rat bites you.
* * * LOW HITPOINT WARNING * * *
Grinder hits you!
You die...

.. ....# #.
..
#....###.#
#.##...#.#.#
##?........#
..........#
...Z...
#lr5# #.h.#
#J.<# #...##
J...#..#
.>..>..#
........#
#......##
.......
...###


You could see Grinder, a hound zombie, an endoplasm, a frilled lizard and a rat.

Vanquished Creatures
  An adder (D:2)
  A gnoll (D:1)
  A dart slug (D:2)
  An orc (D:2)
  8 endoplasms
  2 giant cockroaches (D:1)
  A hobgoblin (D:1)
  A jackal (D:1)
  4 ball pythons
  3 bats
  4 frilled lizards
  3 kobolds
  5 rats (D:1)
35 creatures vanquished.

Notes
Turn   | Place    | Note
-------+----------+-------------------------------------------
     0 | D:1      | AnnaDunkelherz the Merfolk Gladiator began the quest for
                  | the Orb.
     0 | D:1      | Reached XP level 1. HP: 16/16 MP: 1/1
     0 | D:1      | Noticed an ice dragon
     0 | D:1      | Noticed an orb of fire
     1 | D:1      | Noticed a shadow dragon
     3 | D:1      | Noticed a tentacled monstrosity
    13 | D:1      | Noticed a golden dragon
    14 | D:1      | Noticed a large abomination
    16 | D:1      | Noticed a black draconian
    18 | D:1      | Noticed a shadow dragon
    19 | D:1      | Noticed a shadow dragon
    21 | D:1      | Noticed an ice dragon
    21 | D:1      | Noticed an orb of fire
    25 | D:1      | Noticed a white draconian
    25 | D:1      | Noticed a tentacled monstrosity
    25 | D:1      | Noticed a shadow dragon
    27 | D:1      | Noticed an iron dragon
    97 | D:2      | Reached XP level 2. HP: 22/22 MP: 2/2
   543 | D:1      | Reached XP level 3. HP: 19/27 MP: 3/3
   549 | D:1      | Reached skill level 5 in Polearms
  2099 | D:2      | Reached XP level 4. HP: 34/34 MP: 4/4
  2162 | D:3      | Noticed Grinder
  2168 | D:3      | Paralysed by Grinder for 7 turns
  2173 | D:3      | Mangled by Grinder

Illustrated notes

Levels and vault maps discovered:
D:1:      shiori_arrival_whats_in_store_for_you, layout_rooms,
          minmay_hexomino_f4
D:2:      layout_basic, minmay_misc_feat_plants
D:3:      layout_loops_ring, chequers_ecumenical_altar_twisty, uniq_pargi,
          uniq_terence, uniq_natasha, uniq_grinder, uniq_ijyb

Skill      XL: |  1  2  3 |
---------------+----------+-----
Polearms       | 5 |  5.7
Fighting       | |  2.3
Throwing       | |  2.2
Armour         | |  0.4
Dodging        | |  4.8

Action                   |  1- 3 |  4- 6 || total
-------------------------+-------+-------++-------
Melee: Trident           |    54 |       ||    54
       Halberd           |    46 |       ||    46
       Flail             |     3 |     5 ||     8
       Punch             |       |     1 ||     1
Throw: Throwing net      |     1 |       ||     1
Armor: Leather armour    |    34 |       ||    34
       Scale mail        |     1 |    17 ||    18
       Skin              |     1 |       ||     1
Dodge: Dodged            |    98 |     8 ||   106
